Map: Pillars of Gold LE

Players

ECLipse - Winner!

  • Race: Protoss Protoss
  • Spawn Location: 7:00

Subang

  • Race: Zerg Zerg
  • League: Diamond
  • Spawn Location: 1:00

VOD

Have the link to the VOD?

Description

Time

  • Played on: July 22, 2020, 4:03 a.m.
  • Length: 12:30
Show
View Real Time Build Order
Export as new Build Order

ECLipse Protoss - Winner!

Build Orders: 1 Gate Expand, Archon Immortal, Dark Templar Rush 

Get SALT Encoding   

  12  0:06  Probe  
  13  0:18  Probe  
  14  0:26  Pylon  
  14  0:30  Probe  
  15  0:41  Probe  
  15  0:48  Gateway  
  15  0:49  Probe  
  17  0:59  Probe  
  18  1:11  Probe  
  19  1:26  Nexus  
  19  1:35  Probe  
  20  1:43  Cybernetics Core  
  20  1:46  Assimilator  
  20  1:50  Assimilator  
  20  1:56  Probe  
  20  2:00  Pylon  
  21  2:06  Probe  
  22  2:12  Adept  
  22  2:14  Probe  
  22  2:22  Probe  
  26  2:32  Adept  
  26  2:34  Warp Gate, Probe  
  27  2:39  Probe  
  30  2:46  Probe  
  31  2:51  Probe  
  32  2:58  Probe  
  32  2:59  Twilight Council  
  32  3:03  Probe  
  34  3:06  Stalker  
  36  3:17  Probe  
  37  3:24  Probe  
  38  3:28  Gateway  
  38  3:30  Robotics Facility  
  38  3:31  Probe  
  39  3:37  Pylon  
  39  3:41  Probe  
  40  3:47  Probe  
  41  3:53  Probe  
  41  3:55  Dark Shrine  
  42  3:59  Probe  
  43  4:03  Pylon  
  43  4:06  Probe  
  43  4:07  Assimilator  
  44  4:11  Warp Prism, Probe  
  44  4:12  Assimilator  
  43  4:18  Probe  
  43  4:23  Probe  
  45  4:29  Charge  
  45  4:30  Probe  
  46  4:36  Pylon  
  46  4:39  Probe  
  46  4:44  Probe  
  48  4:47  Pylon  
  49  4:52  Probe  
  49  5:00  Gateway  
  49  5:02  Gateway  
  49  5:09  Dark Templar  
  49  5:10  Dark Templar  
  49  5:13  Probe x2  
  55  5:22  Observer  
  55  5:25  Probe x2  
  58  5:37  Probe  
  58  5:38  Probe  
  58  5:42  Dark Templar  
  62  5:43  Dark Templar, Observer  
  65  5:55  Probe  
  65  5:56  Immortal  
  67  6:11  Dark Templar  
  67  6:12  Dark Templar  
  71  6:27  Probe x2  
  71  6:32  Pylon, Immortal  
  73  6:34  Pylon  
  73  6:39  Probe  
  78  6:40  Observer  
  78  6:50  Probe  
  78  6:51  Zealot x3, Probe  
  86  6:55  Pylon, Archon  
  86  6:56  Archon  
  86  6:59  Observer  
  86  7:03  Immortal  
  86  7:05  Nexus  
  90  7:21  Zealot x4  
  98  7:25  Archon  
  98  7:35  Pylon  
  98  7:40  Pylon  
  98  7:41  Gateway  
  98  7:43  Immortal  
  98  7:44  Gateway  
  98  7:45  Pylon, Gateway  
  88  8:03  Zealot x4  
  92  8:31  Gateway  
  92  8:33  Immortal  
  96  8:35  Dark Templar x3  
  96  8:36  Dark Templar  
  96  8:38  Pylon  
  104  8:44  Zealot x3  
  104  8:46  Archon x2  
  104  8:48  Probe x3  
  105  8:57  Forge  
  105  9:00  Probe  
  106  9:05  Pylon  
  98  9:10  Zealot x5  
  98  9:11  Zealot x2  
  112  9:26  Protoss Ground Weapons Level 1  
  112  9:31  Shadow Stride  
  112  9:39  Cybernetics Core  
  112  9:42  Immortal  
  116  9:46  Dark Templar x5  
  116  9:47  Dark Templar x3  
  132  9:53  Pylon  
  132  9:57  Pylon x2, Assimilator  
  132  9:59  Assimilator  
  132  10:03  Nexus, Pylon  
  132  10:13  Pylon  
  131  10:34  Zealot x4  
  131  10:35  Zealot x4  
  147  10:42  Archon, Immortal  
  147  10:43  Archon x2  
  147  10:49  Archon  
  151  10:58  Forge  
  151  11:07  Pylon  
  151  11:10  Photon Cannon  
  151  11:12  Photon Cannon  
  151  11:15  Warp Prism  
  151  11:16  Photon Cannon  
  139  11:29  Dark Templar x4  
  139  11:30  Dark Templar x3  
  149  11:49  Archon x2  
  137  11:59  Gateway  
  137  12:00  Gateway  
  137  12:02  Pylon  
  137  12:07  Assimilator  
  137  12:13  Zealot x2, Assimilator  
  137  12:14  Zealot x5  
Show
View Real Time Build Order
Export as new Build Order

Subang Zerg 

Build Orders: Hatch First 

Get SALT Encoding   

  12  0:00  Drone  
  13  0:12  Overlord  
  13  0:17  Drone  
  14  0:30  Drone  
  14  0:31  Drone  
  16  0:51  Hatchery  
  16  0:52  Drone  
  16  0:56  Drone  
  17  1:00  Drone  
  18  1:10  Extractor  
  17  1:18  Spawning Pool  
  16  1:26  Drone x2  
  16  1:28  Drone  
  19  1:40  Drone  
  20  1:53  Overlord  
  20  2:00  Overlord  
  20  2:05  Queen  
  20  2:07  Drone  
  23  2:09  Queen  
  23  2:14  Drone  
  23  2:15  Drone  
  27  2:23  Metabolic Boost  
  27  2:25  Drone  
  28  2:30  Drone  
  28  2:33  Drone  
  28  2:35  Drone  
  31  2:46  Queen  
  31  2:48  Queen  
  31  2:51  Drone  
  36  2:53  Drone  
  36  2:55  Drone  
  36  2:58  Drone  
  39  3:06  Drone  
  39  3:08  Drone  
  39  3:09  Roach Warren  
  40  3:14  Drone  
  40  3:19  Drone x3  
  44  3:21  Overlord  
  44  3:24  Overlord  
  44  3:40  Zergling x8  
  48  3:41  Evolution Chamber  
  47  3:56  Roach  
  47  3:57  Roach x4  
  47  3:58  Overlord x2  
  56  4:11  Roach x2  
  56  4:14  Hatchery  
  59  4:20  Drone x5  
  59  4:23  Extractor  
  63  4:26  Extractor  
  63  4:30  Extractor, Drone x5  
  66  4:46  Lair  
  66  4:50  Spore Crawler  
  66  4:51  Spore Crawler  
  64  4:54  Overlord x2, Roach  
  64  4:55  Overlord  
  66  5:01  Drone x4  
  70  5:12  Roach x3  
  76  5:15  Zerg Missile Weapons Level 1  
  76  5:26  Drone x3  
  79  5:31  Spore Crawler  
  79  5:33  Pneumatized Carapace  
  80  5:45  Overseer  
  78  6:02  Roach x6  
  78  6:03  Roach x3  
  96  6:04  Overseer  
  96  6:09  Drone  
  96  6:10  Hatchery  
  95  6:15  Drone x2  
  96  6:22  Overseer  
  89  6:27  Roach x2  
  93  6:33  Roach  
  91  6:44  Roach  
  91  6:45  Roach x2  
  93  6:51  Glial Reconstitution  
  93  6:53  Roach x3  
  100  6:54  Drone  
  100  7:02  Overlord  
  100  7:03  Overlord x2  
  100  7:22  Roach x3  
  106  7:27  Zerg Missile Weapons Level 2  
  106  7:29  Infestation Pit  
  105  7:30  Evolution Chamber  
  105  7:33  Spore Crawler, Drone x4  
  105  7:34  Drone x5  
  90  8:03  Roach  
  90  8:04  Roach x9  
  95  8:08  Roach  
  94  8:15  Roach x2  
  94  8:19  Drone x2  
  96  8:37  Roach x4  
  96  8:38  Queen x3  
  107  8:48  Ravager x8  
  107  8:50  Drone  
  107  8:55  Drone  
  109  8:59  Drone x2  
  90  9:17  Drone x7  
  90  9:23  Roach x2  
  101  9:29  Roach x2  
  105  9:43  Roach x6  
  117  9:49  Drone x3  
  120  9:55  Extractor  
  119  10:00  Overseer x3  
  119  10:07  Roach x5  
  129  10:18  Hatchery  
  129  10:19  Overlord  
  129  10:20  Overlord  
  128  10:29  Overlord  
  128  10:30  Overlord x2  
  128  10:36  Overlord  
  128  10:46  Drone x4  
  132  10:57  Drone x2  
  134  11:06  Roach  
  134  11:07  Roach x6  
  146  11:26  Roach x4  
  154  11:33  Drone  
  154  11:34  Infestation Pit  
  154  11:42  Roach x2  
  158  11:54  Hatchery  
  158  11:57  Roach x3  
  163  12:11  Roach  
  171  12:16  Overseer  
Tags
 
Add a new tag
Caveats
  • Supply blocks, unpowered buildings, or Contaminate may cause inaccurate times.
  • Supply counts are checked every 10 seconds.